[Event "FIDE World Rapid-ch Open 2018"]
[White "Makarov, Marat"]
[Black "Frolyanov, Dmitry"]
[Site "St. Petersburg"]
[Round "3.57"]
[Annotator "ChessBase"]
[Result "1/2-1/2"]
[Date "2018.12.26"]
[WhiteElo "2505"]
[BlackElo "2517"]
[PlyCount "138"]
[TimeControl "900+10"]

1. Nf3 d5 2. e3 Nf6 3. b3 g6 4. Bb2 Bg7 5. c4 c6 6. Be2 0-0 7. 0-0 dxc4 8. bxc4 c5 9. Qb3 b6 10. Nc3 Bb7 11. Rad1 Nc6 12. Rfe1 Qc8 13. Nd5 Nxd5 14. Bxg7 Kxg7 15. cxd5 Na5 16. Qc3+ Kg8 17. e4 e6 18. Ne5 exd5 19. exd5 Qd8 20. Ng4 f6 21. Bf3 Kg7 22. Qe3 Nc4 23. Qf4 Nd6 24. Ne3 Nf7 25. d4 c4 26. Nxc4 Bxd5 27. Ne3 Bxf3 28. Qxf3 Rc8 29. h4 Qd6 30. Qg4 Nh6 31. Qf3 Rc7 32. Nd5 Rcf7 33. Nf4 Kg8 34. Ne6 Rc8 35. d5 Nf5 36. h5 Ne7 37. Nf4 Re8 38. Re6 Qd7 39. hxg6 Nxg6 40. Rde1 Rd8 41. Nh5 f5 42. Nf6+ Rxf6 43. Rxf6 Qxd5 44. Rxf5 Qxa2 45. Qe4 Qb3 46. Rf3 Qa2 47. Re2 Qa1+ 48. Kh2 Qg7 49. Qe6+ Kh8 50. Qf6 Qxf6 51. Rxf6 Kg7 52. Rc6 Rd7 53. Rec2 Kf7 54. Rc7 Ke7 55. Kg3 a5 56. R7c6 Rd3+ 57. f3 Rb3 58. Rc7+ Kd6 59. Rxh7 Ne5 60. Rh6+ Kd5 61. Rh5 Kd4 62. Rh8 b5 63. Rd8+ Ke3 64. Rd5 Nc4 65. Rc1 Ke2 66. Rc2+ Ke3 67. Rc1 Ke2 68. Rc2+ Ke3 69. Rc1 Ke2 1/2-1/2

[Event "FIDE World Rapid-ch Open 2018"]
[White "Rakhmanov, Aleksandr"]
[Black "Maghsoodloo, Parham"]
[Site "St. Petersburg"]
[Round "3.58"]
[Annotator "ChessBase"]
[Result "1-0"]
[Date "2018.12.26"]
[WhiteElo "2629"]
[BlackElo "2688"]
[PlyCount "161"]
[TimeControl "900+10"]

1. c4 g6 2. Nc3 Bg7 3. g3 e5 4. Bg2 d6 5. d3 f5 6. e4 Nf6 7. Nge2 0-0 8. h3 a5 9. Be3 Na6 10. Qd2 fxe4 11. dxe4 Nc5 12. 0-0 b6 13. b3 Bb7 14. Qc2 Ne6 15. f4 exf4 16. gxf4 Nd7 17. Rad1 Qe8 18. Nd5 Rc8 19. Ng3 Kh8 20. Qd2 Nec5 21. Bd4 Qf7 22. e5 c6 23. Bxc5 Nxc5 24. Nxb6 Rcd8 25. exd6 Ne6 26. Ne2 c5 27. d7 Nd4 28. Nc3 Qe6 29. Bxb7 Qxb6 30. Bc8 g5 31. Nd5 Qd6 32. f5 Nxf5 33. Qxg5 Bd4+ 34. Kg2 Rg8 35. Rxf5 h6 36. Qg4 Qe6 37. Kf3 Rxg4 38. hxg4 a4 39. Rh1 Kg7 40. Rf4 axb3 41. axb3 Qd6 42. Re1 Qb8 43. Re7+ Kg6 44. b4 Qa8 45. Re6+ Kg7 46. Ra6 Qb8 47. Re6 Qa7 48. bxc5 Qa3+ 49. Ke4 Bxc5 50. Re8 Qa5 51. Rxd8 Qxd8 52. Kf3 Qa5 53. Re4 Qa3+ 54. Ne3 Bb6 55. Re6 Bc7 56. Re8 Qd3 57. Re7+ Kf6 58. Re6+ Kg5 59. Rc6 Qd4 60. Rxc7 Qf4+ 61. Ke2 Qxc7 62. Kd3 Qd8 63. c5 Kf6 64. Nd5+ Kf7 65. Nb4 Qf6 66. Kc4 Qf1+ 67. Kd5 Qf6 68. Nc6 Qf3+ 69. Kd6 Qd3+ 70. Kc7 Qg3+ 71. Kb7 Qb3+ 72. Ka7 Qa3+ 73. Ba6 Qxc5+ 74. Kb7 h5 75. gxh5 Qxh5 76. d8=Q Qc5 77. Bc4+ Kg6 78. Ne7+ Kf6 79. Nd5+ Ke5 80. Qf6+ Ke4 81. Qf4# {[%emt 0:0:3] Kxd5} 1-0

[Event "FIDE World Rapid-ch Open 2018"]
[White "Kazhgaleyev, Murtas"]
[Black "Novikov, Stanislav"]
[Site "St. Petersburg"]
[Round "3.59"]
[Annotator "ChessBase"]
[Result "0-1"]
[Date "2018.12.26"]
[WhiteElo "2587"]
[BlackElo "2540"]
[PlyCount "98"]
[TimeControl "900+10"]

1. d4 g6 2. c4 Bg7 3. e4 d6 4. Nc3 c6 5. h3 a6 6. Nf3 Nd7 7. Be2 b5 8. 0-0 Bb7 9. a3 Qc7 10. Be3 Ngf6 11. Rc1 Qb8 12. Qd2 0-0 13. Rfd1 Re8 14. b4 e5 15. dxe5 dxe5 16. Qc2 Bf8 17. Qb3 h6 18. a4 bxa4 19. Nxa4 c5 20. bxc5 Bc6 21. Qa2 Ra7 22. Rd6 Bxa4 23. Qxa4 Nxc5 24. Bxc5 Bxd6 25. Bxa7 Qxa7 26. Ne1 Rc8 27. Bf3 Nd7 28. Qd1 Bc5 29. Nd3 h5 30. g4 h4 31. g5 Bd4 32. Bg4 Rb8 33. Bxd7 Qxd7 34. Kg2 Qc6 35. Qe2 a5 36. Ne1 Rb4 37. c5 Rb5 38. Nd3 a4 39. Kf3 Rb3 40. Kg2 a3 41. Rc2 Kg7 42. Kg1 Qa6 43. c6 Qxd3 44. Qxd3 Rxd3 45. c7 a2 46. c8=Q a1=Q+ 47. Kg2 Rd1 48. Qc6 Rg1+ 49. Kf3 Qd1+ 0-1

[Event "FIDE World Rapid-ch Open 2018"]
[White "Lintchevski, Daniil"]
[Black "Lomasov, Semyon"]
[Site "St. Petersburg"]
[Round "3.60"]
[Annotator "ChessBase"]
[Result "1/2-1/2"]
[Date "2018.12.26"]
[WhiteElo "2516"]
[BlackElo "2553"]
[PlyCount "105"]
[TimeControl "900+10"]

1. Nf3 Nf6 2. c4 c5 3. Nc3 Nc6 4. e3 e6 5. d4 d5 6. a3 a6 7. dxc5 Bxc5 8. b4 Bd6 9. Bb2 0-0 10. cxd5 exd5 11. Be2 Bg4 12. 0-0 Rc8 13. Rc1 Re8 14. g3 Bb8 15. Na4 Ne4 16. Nc5 Bh3 17. Re1 Qe7 18. Qxd5 Nxc5 19. Qxc5 Qxc5 20. bxc5 h6 21. Bf1 Bxf1 22. Kxf1 Ba7 23. Rc3 Ne5 24. Nxe5 Rxe5 25. c6 bxc6 26. Rxc6 Rxc6 27. Bxe5 f6 28. Bb2 Rc2 29. Re2 Rc7 30. Rd2 Bc5 31. Rc2 Kf7 32. Bd4 Bd6 33. Rxc7+ Bxc7 34. Ke2 h5 35. Kd3 Ke6 36. e4 g6 37. f3 f5 38. Bf2 g5 39. a4 g4 40. f4 h4 41. gxh4 Bxf4 42. Bg3 Bc1 43. exf5+ Kxf5 44. Kd4 Bd2 45. Kc5 Kg6 46. Kb6 a5 47. Bc7 Kh5 48. Bd8 Bf4 49. Kxa5 Bxh2 50. Kb5 g3 51. Bc7 Kxh4 52. a5 Kh3 53. Bxg3 1/2-1/2

[Event "FIDE World Rapid-ch Open 2018"]
[White "AL-Sayed, Mohammed"]
[Black "Smirin, Ilia"]
[Site "St. Petersburg"]
[Round "3.61"]
[Annotator "ChessBase"]
[Result "0-1"]
[Date "2018.12.26"]
[WhiteElo "2484"]
[BlackElo "2609"]
[PlyCount "66"]
[TimeControl "900+10"]

1. e4 c5 2. Nf3 e6 3. g3 d5 4. exd5 exd5 5. Bg2 Qe7+ 6. Kf1 Nc6 7. Nc3 Nf6 8. d3 d4 9. Nb5 a6 10. Na3 Qd8 11. Bg5 Be7 12. Bxf6 Bxf6 13. Qe2+ Qe7 14. Qxe7+ Kxe7 15. Nd2 Kd7 16. Nac4 Kc7 17. a4 Be6 18. a5 Rad8 19. Bf3 Nb4 20. Rc1 Bg5 21. h4 Bh6 22. Rd1 Nxc2 23. Ne4 Bxc4 24. dxc4 b6 25. Kg2 f5 26. axb6+ Kxb6 27. Ng5 Bxg5 28. hxg5 d3 29. g6 hxg6 30. Rxd3 Rxd3 31. Rxh8 Ne1+ 32. Kf1 Nxf3 33. Ke2 Rb3 0-1

[Event "FIDE World Rapid-ch Open 2018"]
[White "Jumabayev, Rinat"]
[Black "Van Foreest, Jorden"]
[Site "St. Petersburg"]
[Round "3.62"]
[Annotator "ChessBase"]
[Result "1/2-1/2"]
[Date "2018.12.26"]
[WhiteElo "2602"]
[BlackElo "2614"]
[PlyCount "136"]
[TimeControl "900+10"]

1. c4 c6 2. e4 d5 3. exd5 cxd5 4. cxd5 Nf6 5. Nc3 Nxd5 6. d4 Nc6 7. Nf3 Bf5 8. Bb5 e6 9. Ne5 Ndb4 10. 0-0 a6 11. Nxc6 Nxc6 12. Ba4 b5 13. d5 bxa4 14. Qxa4 Rc8 15. dxc6 Bd6 16. Bf4 Bxf4 17. Qxf4 0-0 18. Rad1 Qb6 19. Rd2 Rxc6 20. Rfd1 h6 21. h3 Rfc8 22. Nd5 exd5 23. Qxf5 d4 24. Rxd4 g6 25. Qe5 Re6 26. Qf4 Qxb2 27. Qxh6 Re1+ 28. Rxe1 Qxd4 29. h4 Qd5 30. a3 Qa5 31. Re3 Qf5 32. Rf3 Qg4 33. Qf4 Qxf4 34. Rxf4 Rc5 35. Kh2 Kg7 36. f3 a5 37. Kg3 Rc3 38. Ra4 Rc5 39. Kf4 Kf6 40. g4 Ke6 41. Re4+ Kf6 42. g5+ Kg7 43. Rd4 Rc3 44. Ra4 Rc5 45. Ke4 f6 46. f4 Kf7 47. Rd4 Ke6 48. gxf6 Kxf6 49. Rd6+ Kf7 50. Rd5 Rc4+ 51. Ke5 Ra4 52. Rd7+ Ke8 53. Rd3 Kf7 54. Rc3 Kg7 55. Rf3 Kh6 56. Kf6 Rc4 57. f5 gxf5 58. Rxf5 Ra4 59. Rf3 Rxh4 60. Kf5 Kg7 61. Ke6 a4 62. Kd6 Rg4 63. Kc6 Rh4 64. Kb5 Rg4 65. Ka5 Rh4 66. Rf5 Kg6 67. Rf3 Rg4 68. Kb5 Kg7 1/2-1/2

[Event "FIDE World Rapid-ch Open 2018"]
[White "Anikonov, Dmitry"]
[Black "Miton, Kamil"]
[Site "St. Petersburg"]
[Round "3.63"]
[Annotator "ChessBase"]
[Result "0-1"]
[Date "2018.12.26"]
[WhiteElo "2371"]
[BlackElo "2588"]
[PlyCount "92"]
[TimeControl "900+10"]

1. d4 Nf6 2. c4 e6 3. g3 d5 4. Nf3 Bb4+ 5. Bd2 Be7 6. Bg2 0-0 7. 0-0 Nbd7 8. Qc2 c6 9. Rd1 b6 10. b3 Ba6 11. a4 Bd6 12. Na3 Qe7 13. Qb2 Rac8 14. Rdc1 Ne4 15. Be1 Bb4 16. Bxb4 Qxb4 17. Nc2 Qd6 18. Ne3 f5 19. Nd2 c5 20. dxc5 bxc5 21. Nxe4 fxe4 22. Rd1 d4 23. Qc2 Nf6 24. Nf1 Bb7 25. Nd2 Qe5 26. Rf1 Rc7 27. a5 Rd7 28. a6 Ba8 29. Rae1 e3 30. f4 Qh5 31. Ne4 Bxe4 32. Bxe4 Ng4 33. h4 Nf2 34. Bf3 Qh6 35. Rxf2 exf2+ 36. Kxf2 e5 37. Kg2 exf4 38. h5 fxg3 39. Qe4 Qf6 40. Rf1 Re7 41. Qg4 Kh8 42. Qxg3 Re5 43. Qh3 Rg5+ 44. Kh1 Rf5 45. Rg1 Rf4 46. Kg2 d3 0-1

[Event "FIDE World Rapid-ch Open 2018"]
[White "Bindrich, Falko"]
[Black "Tsoi, Dmitry"]
[Site "St. Petersburg"]
[Round "3.64"]
[Annotator "ChessBase"]
[Result "1-0"]
[Date "2018.12.26"]
[WhiteElo "2606"]
[BlackElo "2424"]
[PlyCount "51"]
[TimeControl "900+10"]

1. d4 f5 2. g3 Nf6 3. Bg2 e6 4. c4 d5 5. Nh3 c6 6. Qc2 Be7 7. 0-0 0-0 8. Nd2 Ne4 9. f3 Nxd2 10. Bxd2 Bf6 11. e3 Qd6 12. Rad1 b6 13. e4 Bxd4+ 14. Kh1 fxe4 15. fxe4 Rxf1+ 16. Rxf1 dxc4 17. e5 Bxe5 18. Be4 h6 19. Nf4 Bxf4 20. Bxf4 Qe7 21. Qd1 e5 22. Bg5 Qe8 23. Qd6 Bh3 24. Bg6 Qc8 25. Bf7+ Kh8 26. Rf6 1-0

[Event "FIDE World Rapid-ch Open 2018"]
[White "Zubritskiy, Artyom"]
[Black "Bosiocic, Marin"]
[Site "St. Petersburg"]
[Round "3.65"]
[Annotator "ChessBase"]
[Result "0-1"]
[Date "2018.12.26"]
[WhiteElo "2442"]
[BlackElo "2599"]
[PlyCount "36"]
[TimeControl "900+10"]

1. c4 e5 2. g3 Nf6 3. Bg2 c6 4. d4 e4 5. Nc3 d5 6. f3 Bb4 7. Qb3 Na6 8. cxd5 Qxd5 9. fxe4 Qxd4 10. Nf3 Qb6 11. Bd2 Be6 12. Qc2 Ng4 13. 0-0-0 Nf2 14. Ng5 Nxh1 15. Nxe6 fxe6 16. a3 Nf2 17. axb4 Nxd1 18. Nxd1 0-0-0 0-1

[Event "FIDE World Rapid-ch Open 2018"]
[White "Yakubboev, Nodirbek"]
[Black "Gareyev, Timur"]
[Site "St. Petersburg"]
[Round "3.66"]
[Annotator "ChessBase"]
[Result "1/2-1/2"]
[Date "2018.12.26"]
[WhiteElo "2556"]
[BlackElo "2569"]
[PlyCount "107"]
[TimeControl "900+10"]

1. d4 Nf6 2. c4 e6 3. g3 Bb4+ 4. Bd2 a5 5. Bg2 0-0 6. e4 d6 7. Ne2 e5 8. 0-0 exd4 9. Nxd4 Nc6 10. Bc3 Bg4 11. Qd2 Nxd4 12. Qxd4 Bc5 13. Qd3 Nd7 14. h3 Be6 15. Nd2 Ne5 16. Qe2 Nc6 17. Kh2 Bb4 18. Rac1 Re8 19. a3 Bxc3 20. Rxc3 a4 21. f4 f6 22. Rd1 Qe7 23. Nf1 Na5 24. Nd2 Ra6 25. Rdc1 Rb6 26. R1c2 c5 27. Qd1 Qf7 28. Bf1 Bd7 29. Re3 Bc6 30. Qe1 Ra6 31. Nf3 Nb3 32. Bd3 Raa8 33. Qc3 Rad8 34. Rce2 b6 35. Bc2 Na5 36. Nd2 Re7 37. Re1 Rde8 38. Bd1 Rd8 39. Bc2 Qe8 40. Nf3 Qf7 41. Nd2 Qe6 42. Qd3 g6 43. e5 Rde8 44. f5 gxf5 45. exd6 Qxe3 46. Rxe3 Rxe3 47. Qxf5 Re2+ 48. Kg1 Re1+ 49. Nf1 R8e2 50. Qxh7+ Kf8 51. Qh8+ Kf7 52. Qh7+ Kf8 53. Qh8+ Kf7 54. Qh7+ 1/2-1/2

[Event "FIDE World Rapid-ch Open 2018"]
[White "Indjic, Aleksandar"]
[Black "Ovchinnikov, Vsevolod"]
[Site "St. Petersburg"]
[Round "3.67"]
[Annotator "ChessBase"]
[Result "1/2-1/2"]
[Date "2018.12.26"]
[WhiteElo "2620"]
[BlackElo "2329"]
[PlyCount "92"]
[TimeControl "900+10"]

1. d4 Nf6 2. Nf3 g6 3. Bg5 Bg7 4. Nbd2 d5 5. e3 0-0 6. h3 c5 7. c3 b6 8. Be2 h6 9. Bf4 Ba6 10. Bxa6 Nxa6 11. 0-0 Qc8 12. a4 Qb7 13. Qb3 Rfd8 14. Bg3 e6 15. Ne5 Rac8 16. Bh4 g5 17. Bg3 Nh5 18. Bh2 f6 19. Nef3 Bf8 20. Rfe1 Ng7 21. Qc2 Nb8 22. a5 b5 23. a6 Qd7 24. Qd3 b4 25. Ra5 c4 26. Qb1 Rc6 27. Qa2 b3 28. Qa1 Rb6 29. e4 Nc6 30. Ra4 Rc8 31. Nf1 Ne7 32. Ne3 Rcc6 33. Ng4 Ne8 34. e5 f5 35. Nf6+ Nxf6 36. exf6 Ng6 37. h4 gxh4 38. Qd1 Qf7 39. Ne5 Nxe5 40. Bxe5 Rxa6 41. Qa1 Qb7 42. Rxa6 Rxa6 43. Qd1 Qf7 44. g3 hxg3 45. Re3 gxf2+ 46. Kxf2 Kh7 1/2-1/2

[Event "FIDE World Rapid-ch Open 2018"]
[White "Tang, Andrew"]
[Black "Yuffa, Daniil"]
[Site "St. Petersburg"]
[Round "3.68"]
[Annotator "ChessBase"]
[Result "1-0"]
[Date "2018.12.26"]
[WhiteElo "2487"]
[BlackElo "2572"]
[PlyCount "75"]
[TimeControl "900+10"]

1. d4 d5 2. Bf4 Nf6 3. e3 c5 4. dxc5 Nc6 5. Bb5 Qa5+ 6. Nc3 Bg4 7. Qd4 e6 8. Nf3 Bxf3 9. gxf3 Nd7 10. Bxc6 bxc6 11. b4 Qd8 12. Rb1 Be7 13. Ne2 Bf6 14. Qd3 e5 15. Bg3 h5 16. h3 a5 17. a3 axb4 18. axb4 Nf8 19. c4 h4 20. Bh2 Ne6 21. cxd5 cxd5 22. Nc3 Ra3 23. Rd1 0-0 24. Qc2 Ng5 25. Nxd5 Nxf3+ 26. Kf1 Qc8 27. Kg2 Ng5 28. Bxe5 Bd8 29. c6 Qe6 30. c7 Bxc7 31. Bxc7 Re8 32. Nf4 Qc8 33. Qc6 Kh7 34. Rd5 f6 35. Rhd1 Ra6 36. Qc2+ Ne4 37. Rh5+ Kg8 38. Qc4+ 1-0

[Event "FIDE World Rapid-ch Open 2018"]
[White "Zvjaginsev, Vadim"]
[Black "Vorotnikov, Vladislav V"]
[Site "St. Petersburg"]
[Round "3.69"]
[Annotator "ChessBase"]
[Result "0-1"]
[Date "2018.12.26"]
[WhiteElo "2642"]
[BlackElo "2417"]
[PlyCount "68"]
[TimeControl "900+10"]

1. Nf3 d6 2. d4 Nf6 3. Nc3 Bf5 4. Bg5 Ne4 5. Nxe4 Bxe4 6. Nd2 Bg6 7. e4 c6 8. c3 Qa5 9. h4 h6 10. Be3 e6 11. Qb3 Qc7 12. h5 Bh7 13. d5 exd5 14. exd5 c5 15. Be2 Be7 16. Qa4+ Nd7 17. Qg4 Bf6 18. 0-0 Ne5 19. Qg3 0-0-0 20. a4 Rde8 21. a5 Rhg8 22. b4 Nd3 23. Nc4 Rd8 24. b5 Qe7 25. Rad1 Ne5 26. Na3 g5 27. hxg6 Bxg6 28. f4 Bf5 29. Qf2 Ng4 30. Bxg4 Rxg4 31. Qf3 Rdg8 32. Rf2 Rg3 33. Qh5 Bg4 34. Qxh6 Rh8 0-1

[Event "FIDE World Rapid-ch Open 2018"]
[White "Nihal Sarin"]
[Black "Huzman, Alexander"]
[Site "St. Petersburg"]
[Round "3.70"]
[Annotator "ChessBase"]
[Result "0-1"]
[Date "2018.12.26"]
[WhiteElo "2576"]
[BlackElo "2580"]
[PlyCount "137"]
[TimeControl "900+10"]

1. Nf3 Nf6 2. c4 e6 3. e3 b6 4. Nc3 Bb7 5. d4 d5 6. cxd5 exd5 7. Bb5+ c6 8. Bd3 Be7 9. 0-0 0-0 10. b3 Nbd7 11. Bb2 Bd6 12. Rc1 Qe7 13. Ne2 Ne4 14. Ng3 f5 15. Qe2 Rae8 16. Rfe1 g5 17. Nf1 g4 18. N3d2 Qg5 19. g3 h5 20. f4 gxf3 21. Nxf3 Qh6 22. Qg2 Kh7 23. N1d2 Rg8 24. Bxe4 fxe4 25. Nh4 Qe6 26. Rf1 Ref8 27. Rxf8 Rxf8 28. Rf1 Ba6 29. Rxf8 Bxf8 30. Nb1 Nf6 31. Qf2 Bh6 32. Qf5+ Qxf5 33. Nxf5 Bd3 34. Nc3 Bf8 35. h3 b5 36. a3 a5 37. Na2 Bb1 38. Nc1 b4 39. axb4 Bxb4 40. Kf2 Bc2 41. Ke2 Ne8 42. Nh4 Nd6 43. Ng2 Nf5 44. g4 hxg4 45. hxg4 Nh6 46. Nf4 Nxg4 47. Ne6 a4 48. Nd8 c5 49. dxc5 Bxc5 50. bxa4 Bxe3 51. a5 d4 52. Bxd4 Bxd4 53. Ne6 Ba7 54. Kd2 Bb1 55. a6 Kg6 56. Ne2 Kf6 57. N6d4 e3+ 58. Kc3 Be4 59. Nb5 Bb6 60. Nd6 Bf3 61. Ng1 Bc6 62. Ne2 Nf2 63. Nc8 Ne4+ 64. Kd3 Bc5 65. a7 Nf2+ 66. Kc4 Ne4 67. Nf4 Nd6+ 68. Kxc5 Nxc8 69. Kd4 {Ke5+} 0-1

[Event "FIDE World Rapid-ch Open 2018"]
[White "Kovalenko, Igor"]
[Black "Chen, Qi b"]
[Site "St. Petersburg"]
[Round "3.71"]
[Annotator "ChessBase"]
[Result "0-1"]
[Date "2018.12.26"]
[WhiteElo "2657"]
[BlackElo "2437"]
[PlyCount "116"]
[TimeControl "900+10"]

1. d4 Nf6 2. Nf3 d5 3. Nbd2 g6 4. e3 Bg7 5. b4 0-0 6. Bb2 b6 7. b5 c5 8. bxc6 Nxc6 9. a3 Bb7 10. Bd3 Rc8 11. 0-0 Na5 12. Qe2 Ne4 13. Rac1 Nc3 14. Bxc3 Rxc3 15. Nb1 Rc7 16. c3 Qd6 17. Qa2 Rfc8 18. Nfd2 e5 19. Rcd1 e4 20. Be2 Qe6 21. Nb3 Nc4 22. Kh1 f5 23. a4 Bf8 24. N3d2 Na5 25. Nb3 Nc4 26. N3d2 Na5 27. Rde1 Bd6 28. Bb5 Kg7 29. Nb3 Nc4 30. a5 h5 31. Rc1 h4 32. N1d2 Nxd2 33. Qxd2 Qf7 34. a6 Bc6 35. c4 Bxb5 36. cxb5 Qd7 37. Qe2 Rc4 38. Rb1 Rc2 39. Qd1 Qxb5 40. Nc5 Qc4 41. Nb7 Bb8 42. f4 Qxa6 43. Nc5 Qe2 44. Qxe2 Rxe2 45. Ne6+ Kf6 46. Ng5 Rxe3 47. Nh7+ Kg7 48. Ng5 Rc2 49. Rb5 Kf6 50. Nh3 Ke6 51. Ng5+ Kd6 52. Rbb1 Ree2 53. Rg1 Ke7 54. Nh3 Red2 55. Rbd1 a5 56. Rb1 Bc7 57. Rbc1 a4 58. Ra1 Rxd4 0-1

[Event "FIDE World Rapid-ch Open 2018"]
[White "Belozerov, Andrei"]
[Black "Zhigalko, Sergei"]
[Site "St. Petersburg"]
[Round "3.72"]
[Annotator "ChessBase"]
[Result "0-1"]
[Date "2018.12.26"]
[WhiteElo "2528"]
[BlackElo "2604"]
[PlyCount "116"]
[TimeControl "900+10"]

1. e4 c5 2. Nf3 Nc6 3. Bb5 Nf6 4. Bxc6 dxc6 5. d3 Bg4 6. h3 Bh5 7. Nbd2 Qc7 8. Nc4 Nd7 9. g4 Bg6 10. Nh4 b5 11. Ne3 e6 12. Qf3 Bd6 13. Bd2 Be5 14. Rb1 0-0 15. 0-0 Rae8 16. b3 h6 17. Rbe1 Bh7 18. Qd1 Rd8 19. Nhg2 Bd4 20. Kh1 f5 21. exf5 exf5 22. Nxf5 Bxf5 23. gxf5 Rxf5 24. Qg4 Rf7 25. Re6 Nf6 26. Qg6 Qd7 27. Nf4 Nd5 28. Nxd5 cxd5 29. Bxh6 Rf6 30. Rxf6 Qxh3+ 31. Kg1 Bxf6 32. Bf4 Qe6 33. Bd2 Qf7 34. Qxf7+ Kxf7 35. Kg2 Rd6 36. a4 bxa4 37. bxa4 Rb6 38. Be3 d4 39. Bf4 Rb2 40. Rc1 Ke6 41. Kf3 Kd5 42. Bd2 Ra2 43. a5 Bd8 44. Ke2 c4 45. dxc4+ Kxc4 46. f4 Bxa5 47. Bxa5 Rxa5 48. Rg1 Ra2 49. Rxg7 Rxc2+ 50. Kd1 Ra2 51. f5 a5 52. Ra7 Kc3 53. f6 Ra1+ 54. Ke2 d3+ 55. Kf2 d2 56. Rc7+ Kb3 57. Rb7+ Ka4 58. Rd7 d1=Q 0-1

[Event "FIDE World Rapid-ch Open 2018"]
[White "Jones, Gawain C B"]
[Black "Sokolin, Leonid"]
[Site "St. Petersburg"]
[Round "3.73"]
[Annotator "ChessBase"]
[Result "1/2-1/2"]
[Date "2018.12.26"]
[WhiteElo "2682"]
[BlackElo "2508"]
[PlyCount "233"]
[TimeControl "900+10"]

1. e4 e6 2. d4 d5 3. Nd2 Nf6 4. e5 Nfd7 5. Bd3 c5 6. c3 Nc6 7. Ngf3 cxd4 8. cxd4 f6 9. 0-0 Be7 10. exf6 Bxf6 11. Re1 Qe7 12. Qe2 0-0 13. Qxe6+ Qxe6 14. Rxe6 Nb6 15. Re2 Nxd4 16. Nxd4 Bxd4 17. Nb3 Bf6 18. Be3 Bd7 19. Bd4 Rae8 20. Rae1 Rxe2 21. Rxe2 Bxd4 22. Nxd4 Rf4 23. Nb3 g6 24. f3 Kf7 25. Kf2 Bc6 26. Nc5 Rf6 27. Nb3 Rf4 28. Ke3 Rh4 29. g3 Ra4 30. a3 Nc4+ 31. Kf2 Nd6 32. Ke1 b6 33. Rc2 Bd7 34. Kd2 Ke6 35. Kc3 Nc4 36. Nd4+ Kd6 37. Re2 Ne5 38. f4 Nxd3 39. Kxd3 Rc4 40. Rc2 Rxc2 41. Kxc2 a5 42. b4 axb4 43. axb4 Bf5+ 44. Kd2 Bd7 45. Ke3 Bg4 46. Nb5+ Kc6 47. Nc3 Kd6 48. Kd4 Bf3 49. b5 Ke6 50. Na4 Be2 51. Nxb6 Bxb5 52. Nxd5 Bc6 53. Ne3 Bd7 54. g4 h6 55. Nc4 Kf6 56. Ne5 Be6 57. Ke4 Bc8 58. h4 Bb7+ 59. Ke3 Bc8 60. Kf3 g5 61. Kg3 Be6 62. Nf3 gxf4+ 63. Kxf4 Bd5 64. Nd4 Bb7 65. Nf5 Kg6 66. Nd6 Bc6 67. Ne4 Bb7 68. Ng3 Bc8 69. Nf5 Bb7 70. Ne3 Bc8 71. h5+ Kg7 72. Ke5 Ba6 73. Nf5+ Kh7 74. Kf6 Be2 75. Ne3 Bf3 76. Kf5 Be2 77. Nd5 Bd3+ 78. Kf6 Bc4 79. Nf4 Bb3 80. Ng6 Bd1 81. Ne5 Be2 82. Kf7 Bd1 83. Kf8 Be2 84. Nd7 Bc4 85. Nf6+ Kh8 86. Ke7 Kg7 87. Ne8+ Kh7 88. Kf6 Bb5 89. Ke7 Be2 90. Kf7 Bc4+ 91. Kf8 Be2 92. Nf6+ Kh8 93. Kf7 Bd3 94. Nd7 Kh7 95. Nf6+ Kh8 96. Nd5 Bc4 97. Ke6 Kg7 98. Ke5 Bxd5 99. Kxd5 Kf6 100. Ke4 Ke6 101. Kf3 Ke5 102. Ke3 Ke6 103. Ke4 Kf6 104. Ke3 Ke5 105. Kf3 Ke6 106. Kg2 Ke5 107. Kg3 Ke6 108. Kh4 Kf6 109. g5+ hxg5+ 110. Kg4 Kg7 111. Kf5 Kh6 112. Kg4 Kg7 113. Kxg5 Kh7 114. h6 Kh8 115. Kg6 Kg8 116. h7+ Kh8 117. Kh6 1/2-1/2

[Event "FIDE World Rapid-ch Open 2018"]
[White "Vishnu Prasanna. V"]
[Black "Ponkratov, Pavel"]
[Site "St. Petersburg"]
[Round "3.74"]
[Annotator "ChessBase"]
[Result "0-1"]
[Date "2018.12.26"]
[WhiteElo "2518"]
[BlackElo "2630"]
[PlyCount "94"]
[TimeControl "900+10"]

1. e4 c5 2. Nf3 b6 3. d4 cxd4 4. Nxd4 Bb7 5. Nc3 a6 6. Bg5 Qc7 7. Qd2 e6 8. 0-0-0 Bb4 9. Nde2 Nf6 10. f3 Nc6 11. Bf4 Qd8 12. Bd6 Bxd6 13. Qxd6 Qe7 14. Qc7 d5 15. Qxb6 dxe4 16. Nxe4 Nxe4 17. fxe4 0-0 18. Nc3 Rab8 19. Bc4 Qg5+ 20. Kb1 Qxg2 21. Qe3 Ne5 22. Be2 Qg6 23. h4 Qf6 24. h5 Rfc8 25. Qg3 g6 26. Rdf1 Qg7 27. h6 Qh8 28. Rh5 Nd7 29. e5 Rc5 30. Rd1 Nxe5 31. Qe3 Rxc3 32. Qxc3 gxh5 33. Qc7 Rf8 34. Qxb7 Qf6 35. Qxa6 Qxh6 36. a4 Qe3 37. Bxh5 Rb8 38. Be2 h5 39. Bb5 Kg7 40. Qd6 Rh8 41. a5 h4 42. a6 h3 43. a7 h2 44. Qb8 Qe4 45. Bc6 Nxc6 46. Qg3+ Qg6 47. Qc3+ e5 0-1

[Event "FIDE World Rapid-ch Open 2018"]
[White "Grigoriants, Sergey"]
[Black "Gordievsky, Dmitry"]
[Site "St. Petersburg"]
[Round "3.75"]
[Annotator "ChessBase"]
[Result "1/2-1/2"]
[Date "2018.12.26"]
[WhiteElo "2540"]
[BlackElo "2614"]
[PlyCount "104"]
[TimeControl "900+10"]

1. e4 c5 2. Nf3 Nc6 3. d4 cxd4 4. Nxd4 Qb6 5. Nb3 Nf6 6. Nc3 e6 7. Bd3 Be7 8. Be3 Qc7 9. f4 d6 10. g4 h6 11. Qe2 a6 12. 0-0-0 b5 13. Qg2 Bb7 14. g5 hxg5 15. fxg5 Nd7 16. g6 f6 17. h4 Nce5 18. Kb1 f5 19. Bg5 b4 20. Ne2 Bxg5 21. hxg5 Rxh1 22. Qxh1 0-0-0 23. Nf4 Re8 24. Qe1 fxe4 25. Bxe4 d5 26. Bg2 Qd6 27. Na5 Ba8 28. Rd4 Kd8 29. Rxb4 Nc6 30. Nxc6+ Bxc6 31. a3 a5 32. Rd4 a4 33. Rb4 e5 34. Ne2 Qxg6 35. Qd2 Qd6 36. Nc3 d4 37. Nb5 Bxb5 38. Rxb5 e4 39. Qa5+ Qc7 40. Qa8+ Qc8 41. Bxe4 Qxa8 42. Bxa8 Re1+ 43. Ka2 Kc7 44. Bf3 Ne5 45. Bd5 d3 46. cxd3 Nxd3 47. b4 Re2+ 48. Kb1 Rb2+ 49. Ka1 Rc2 50. Be4 Rc1+ 51. Ka2 Rc2+ 52. Kb1 Rc1+ 1/2-1/2

[Event "FIDE World Rapid-ch Open 2018"]
[White "Khismatullin, Denis"]
[Black "Sanal, Vahap"]
[Site "St. Petersburg"]
[Round "3.76"]
[Annotator "ChessBase"]
[Result "1-0"]
[Date "2018.12.26"]
[WhiteElo "2621"]
[BlackElo "2490"]
[PlyCount "92"]
[TimeControl "900+10"]

1. d4 Nf6 2. Nf3 d5 3. c4 e6 4. Nc3 c6 5. e3 Nbd7 6. Qc2 Bd6 7. g4 Nxg4 8. Rg1 Qf6 9. Rxg4 Qxf3 10. Rxg7 Nf6 11. h3 Bd7 12. Bd2 Kf8 13. Rg5 Ne4 14. Nxe4 Qxe4 15. Qb3 b6 16. Bb4 Bxb4+ 17. Qxb4+ Ke8 18. 0-0-0 Qf3 19. Qd2 Ke7 20. Rg4 a5 21. Be2 Qf6 22. Rdg1 Kd6 23. Rf4 Qe7 24. Qc3 Kc7 25. Rg7 Be8 26. Bh5 Rf8 27. Rxh7 Rd8 28. h4 Kb7 29. Bg6 Rd7 30. a3 Qd8 31. Bd3 Rg8 32. Kb1 Qc7 33. Ka2 Qd8 34. c5 Ka7 35. cxb6+ Qxb6 36. h5 Rb7 37. h6 Rg1 38. Rh8 Rb8 39. h7 a4 40. Bc2 Qa6 41. Bd3 Qb6 42. Qc5 Rd1 43. Rxf7+ Bxf7 44. Rxb8 Qxc5 45. dxc5 e5 46. Rf8 Be6 1-0

[Event "FIDE World Rapid-ch Open 2018"]
[White "Vallejo Pons, Francisco"]
[Black "Teterev, Vitaly"]
[Site "St. Petersburg"]
[Round "3.77"]
[Annotator "ChessBase"]
[Result "1-0"]
[Date "2018.12.26"]
[WhiteElo "2695"]
[BlackElo "2486"]
[PlyCount "99"]
[TimeControl "900+10"]

1. e4 c5 2. Nf3 d6 3. d4 cxd4 4. Qxd4 Nf6 5. Bg5 Nc6 6. Bb5 Nd7 7. Qc3 Qb6 8. Bd3 e6 9. 0-0 Nc5 10. a4 Bd7 11. Na3 a6 12. Rfd1 Qb4 13. Nc4 Qxc3 14. bxc3 f6 15. Be3 0-0-0 16. Nb6+ Kc7 17. Bxc5 dxc5 18. Nxd7 Rxd7 19. Bc4 Rxd1+ 20. Rxd1 Nd8 21. Ne1 Bd6 22. Nd3 Re8 23. f4 Nc6 24. g3 Na5 25. Nb2 Kc6 26. Kf2 b5 27. axb5+ axb5 28. Bxb5+ Kxb5 29. Rxd6 Nc4 30. Nxc4 Kxc4 31. Rd7 Kxc3 32. Rxg7 Rc8 33. Rxh7 Kxc2 34. Ke2 c4 35. Re7 e5 36. fxe5 fxe5 37. Rxe5 c3 38. Rb5 Rd8 39. h4 Rd3 40. g4 Rd2+ 41. Ke3 Rd3+ 42. Kf4 Kd2 43. h5 c2 44. Rb2 Rb3 45. Rxc2+ Kxc2 46. h6 Rh3 47. g5 Kd3 48. e5 Rh1 49. e6 Rf1+ 50. Ke5 1-0